 Dungeon Crawl Stone Soup version 0.31.0-9-g3a7656b989 (webtiles) character file.

Game seed: 12944764393076719130

68496 Drazool the Destroyer (level 15, -4/82 HPs)
             Began as a Kobold Earth Elementalist on Jan 24, 2024.
             Was an Elder of Sif Muna.
             Slain by an azure jelly (6 damage)
             ... in an ice cave.
             The game lasted 01:00:55 (19612 turns).

Drazool the Destroyer (Kobold Earth Elementalist)  Turns: 19612, Time: 01:00:55

Health: -4/82      AC: 12    Str:  7    XL:     15   Next: 70%
Magic:  11/28      EV: 19    Int: 22    God:    Sif Muna [****..]
Gold:   1120       SH:  0    Dex: 16    Spells: 13/32 levels left

rFire   + . .        C - staff of earth {!a}
rCold   + . .        (shield currently unavailable)
rNeg    . . .        N - +3 leather armour "Ceuquol" {Fly}
rPois   +            l - +0 helmet of Fortitude {rElec}
rElec   +            F - +0 cloak
rCorr   +            q - +0 pair of gloves
SInv    .            P - +2 pair of boots {rampage}
Will    +++..        b - amulet of faith {!P}
Stlth   ++++++       y - ring "Ilejir" {^Contam rElec rPois Will+}
HPRegen 0.33/turn    W - ring of willpower
MPRegen 0.21/turn

%: rampage, faith
@: about to teleport, resistant, flying, very slightly contaminated
A: small, no large weapons, nightstalker 3
a: Renounce Religion, Channel Magic, Forget Spell, Divine Exegesis


You were in an ice cave.
You worshipped Sif Muna.
Sif Muna was greatly pleased with you.
You visited 3 branches of the dungeon, and saw 16 of its levels.
You also visited: Bailey, Gauntlet and Ice Cave.

You collected 1208 gold pieces.
You spent 88 gold pieces at shops.


Innate Abilities, Weirdness & Mutations

You are small and have problems with some larger weapons.
You are completely attuned to the shadows.


   Skills:
 - Level 5.4 Fighting
 - Level 10.0 Dodging
 - Level 10.8 Stealth
 - Level 9.0 Spellcasting
 - Level 12.8 Conjurations
 + Level 0.5 Summonings
 - Level 12.0 Earth Magic
 - Level 6.0 Alchemy
 - Level 9.0 Invocations
 - Level 4.0 Evocations


You had 13 spell levels left.
You knew the following spells:

 Your Spells              Type           Power      Damage    Failure   Level
a - Passwall              Erth           76%        N/A       1%          3
p - Petrify               Alch/Erth      65%        N/A       2%          4
w - Stone Arrow           Conj/Erth      100%       3d13      1%          3
z - Sandblast             Erth           100%       2d20      1%          1
X - Brom's Barrelling Bo  Conj/Erth      77%        2d9       1%          4
Y - Animate Armour        Summ/Erth      100%       N/A       8%          4

Your spell library contained the following spells:

 Spells                   Type           Power      Damage    Failure   Level
 Summon Small Mammal      Summ           48%        N/A       9%          1
 Call Canine Familiar     Summ           12%        N/A       24%         3
 Summon Blazeheart Golem  Fire/Summ      11%        N/A       65%         4
 Summon Forest            Summ/Tloc      5%         N/A       94%         5
 Summon Mana Viper        Hex/Summ       11%        N/A       94%         5
 Lehudib's Crystal Spear  Conj/Erth      38%        10d10     99%         8
 Summon Cactus Giant      Summ           6%         N/A       100%        6

Inventory:

Hand Weapons
 r - a +0 dagger
 z - a +2 whip of draining
Missiles
 h - a throwing net {=f}
 k - 5 atropa-tipped darts
Armour
 l - the +0 helmet of Fortitude (worn) {rElec}
   (You took it off Robin on level 4 of the Dungeon)

   rElec:     It insulates you from electricity.
 o - a +2 robe of cold resistance
 q - a +0 pair of gloves (worn)
 F - a +0 cloak (worn)
 L - the +0 helmet of the Present {Int+3}
   (You found it on level 12 of the Dungeon)

   Int+3:     It affects your intelligence (+3).
 N - the +3 leather armour "Ceuquol" (worn) {Fly}
   (You found it in a Gauntlet)

   Fly:       It grants you flight.
 O - the +2 robe of the Pit {rPois}
   (You found it in a Gauntlet)

   rPois:     It protects you from poison
 P - a +2 pair of boots of rampaging (worn)
Magical Staves
 e - a staff of cold {!a}
 C - a staff of earth (weapon) {!a}
 M - a staff of alchemy {!a}
Jewellery
 b - an amulet of faith (around neck) {!P}
 j - an amulet of magic regeneration
 v - a ring of see invisible
 y - the ring "Ilejir" (left hand) {^Contam rElec rPois Will+}
   (You found it on level 6 of the Dungeon)

   [ring of willpower]

   rElec:     It insulates you from electricity.
   rPois:     It protects you from poison Will+: It increases your willpower.
   ^Contam:   It causes magical contamination when unequipped.
 H - an amulet of reflection
 W - a ring of willpower (right hand)
 Z - a ring of wizardry
Wands
 p - a wand of mindburst (20)
 t - a wand of acid (5)
 u - a wand of roots (38)
 D - a wand of flame (60)
Scrolls
 f - a scroll of enchant weapon
 n - 5 scrolls of amnesia
 w - a scroll of vulnerability {unknown}
 B - 2 scrolls of fear
 E - a scroll of fog {unknown}
 J - 2 scrolls of teleportation {@r2}
 Q - a scroll of enchant armour {unknown}
Potions
 a - 3 potions of curing {@q1}
 c - 3 potions of mutation
 g - 2 potions of enlightenment
 i - 2 potions of brilliance {unknown}
 m - a potion of cancellation
 s - a potion of attraction {unknown}
 A - 2 potions of lignification {unknown}
 G - a potion of ambrosia {unknown}
 K - a potion of degeneration {unknown}

Dungeon Overview and Level Annotations

Branches:
Dungeon (14/15)            Temple (1/1) D:4            Lair (1/5) D:8
    Orc (0/2) D:9          Bailey (visited)           IceCv (1/1)
Gauntlet (visited)
 Vaults: D:13-14

Altars:
Ashenzari
Cheibriados
Dithmenos
Elyvilon
Fedhas
Gozag
Hepliaklqana
Kikubaaqudgha
Makhleb
Nemelex Xobeh
Okawaru
Qazlal
Ru
Sif Muna
Trog
Uskayaw
Vehumet
Wu Jian
Xom
Yredelemnul
Zin
The Shining One

Shops:
D:3 !   D:7 [

Portals:
Trove: D:11 (give +3 ice dragon scales)

Annotations:
D:5 2 runed translucent doors
D:7 2 runed translucent doors
D:12 3 runed translucent doors, exclusions: orc wizard, shadow, wraith and 1 more exclusion
D:13 exclusions: gargoyle, hydra, tengu conjurer, tengu warrior, vampire mosquito and 2 more exclusions

#...#.##..##....#.#...#
##..##.##..##.J..#.##..#
#..##).##..##...##.##..#
#..#.)(#...##...#...#..#
##.##..##.......##......#
#..##..#....##..##......#
###
#..#..##..####..##......#
##.####.##..#...#
#..##......#
#...##..#..##.@##
#..##.##..##
#∩∩.....#..##.J#
##..##..##.#
#...##..#...#..##
#..###.J####
##.####.##..##..###..###...#
### #..#..##..##...##....##
#..##.##.§§#...##.....##
##..#..#.......#.......#
#..#....#....##.......#
#..##...#....#...#.#...#


You could see an azure jelly.


Message History

Press: ? - help, Dir - move target, f/p - azure jelly
Aim: an azure jelly (moderately wounded, 100% to hit)
You feel a surge of power!
You send a boulder barrelling forward!
The azure jelly hits your boulder. The azure jelly freezes your boulder!
The azure jelly hits your boulder. The azure jelly freezes your boulder!
Your boulder is destroyed!
Casting: Brom's Barrelling Boulder (mildly dangerous; 1% risk of failure)
Confirm with . or Enter, or press ? or * to list all spells.
You feel a surge of power!
You miscast Animate Armour.
You are very lightly contaminated with residual magic.
Sand pours from your hands. The azure jelly hits you.
The azure jelly freezes you!!
The azure jelly hits you but does no damage.
The azure jelly closely misses you.
The azure jelly hits you but does no damage.
Unknown command.
As you read the scroll of teleportation {@r2}, it crumbles to dust.
You feel strangely unstable. The azure jelly hits you.
The azure jelly freezes you!!!
Ouch! That really hurt!
* * * LOW HITPOINT WARNING * * *
The azure jelly hits you but does no damage.
The azure jelly hits you.
* * * LOW HITPOINT WARNING * * *
The azure jelly misses you.
Unknown command.
Okay, then.
You feel protected. The azure jelly hits you.
You die...

Skill      XL: |  1  2  3  4  5  6  7  8  9 10 11 12 13 14 15 |
---------------+----------------------------------------------+-----
Earth Magic    | 4 5 6 8 11 12 | 12.0
Conjurations   | 2 4 5 10 12 | 12.8
Spellcasting   | 4 7 8 9 |  9.0
Stealth        | 5 7 10 | 10.8
Dodging        | 5 6 10 | 10.0
Fighting       | 3 5 |  5.4
Evocations     | 3 4 |  4.0
Alchemy        | 1 6 |  6.0
Invocations    | 6 7 9 |  9.0
Summonings     | |  0.5

Action                     |  1- 3 |  4- 6 |  7- 9 | 10-12 | 13-15 || total
---------------------------+-------+-------+-------+-------+-------++-------
  Melee: Unarmed           |     1 |       |       |       |       ||     1
         Dagger            |       |       |     3 |       |       ||     3
         Whip              |       |       |    10 |    10 |     3 ||    23
   Cast: Sandblast         |    53 |    73 |     7 |    14 |    17 ||   164
         Passwall          |     1 |     1 |     1 |     7 |     4 ||    14
         Stone Arrow       |       |     4 |   114 |   330 |   195 ||   643
         Petrify           |       |       |     3 |    20 |     4 ||    27
         Brom's Barrelling |       |       |       |       |    13 ||    13
         Animate Armour    |       |       |       |       |     2 ||     2
 Invoke: Channel Magic     |       |       |       |     8 |     8 ||    16
  Evoke: Wand              |       |       |       |     2 |     4 ||     6
    Use: Scroll            |       |     6 |     3 |     5 |    10 ||    24
         Potion            |       |     2 |       |     7 |     8 ||    17
   Stab: Petrified         |       |       |     4 |       |       ||     4
         Distracted        |       |       |       |     1 |       ||     1
 Armour: Robe              |     7 |     6 |    22 |    49 |    80 ||   164
         Leather armour    |       |       |       |       |     8 ||     8
  Dodge: Dodged            |    19 |    20 |    36 |    87 |    98 ||   260

Levels and vault maps discovered:
D:1:      minmay_arrival_radiant_lines, layout_basic, hangedman_decor_slide_cut
D:2:      layout_loops_ring, minmay_hedge_maze, minmay_tromino_v4_c
D:3:      layout_rooms, serial_shops, shop
D:4:      layout_loops_ring, minmay_temple_entry_grid, uniq_robin
D:5:      layout_layer_cave, ebering_ghost_sewer_f, nicolae_goblin_pals,
          uniq_prince_ribbit1
D:6:      layout_loops_ring, chequers_temple_overflow_minitemple
D:7:      minmay_the_grid_triangle_9x9_rhombus_full
          [minmay_the_grid_triangle_9x9_thin_v,
          minmay_the_grid_triangle_9x9_stretched_checkered,
          minmay_the_grid_triangle_9x9_negative_grid,
          minmay_the_grid_triangle_9x9_corrupted_corridor,
          minmay_the_grid_triangle_9x9_flanged_cone,
          minmay_the_grid_triangle_9x9_checkered,
          minmay_the_grid_triangle_9x9_tough_junction,
          minmay_the_grid_triangle_9x9_prize_center], layout_basic,
          grunt_temple_overflow_growth_and_decay, trog_butcher_becter,
          mainiacjoe_overflow_alcove_1, serial_shops, nicolae_shop_hallway_plus,
          minivault_11, minivault_4
D:8:      wad_lake_hut, layout_cave_pools, nicolae_overflow_hidden_temple,
          lemuel_coloured_pillars_altar, lair_entry_dummy, enter_bailey_3,
          lightli_orcish_oven
D:9:      layout_small_grid, tso_oasis_becter, kennysheep_mini_moat,
          orc_0_dummy, uniq_maurice, uniq_psyche
D:10:     layout_rooms, amcnicky_altar_gilded, uniq_urug, uniq_maggie
D:11:     layout_loops_ring, enter_trove_6, serial_aquarium,
          aquarium_bridge_long_joined [aquarium_subvault_window,
          aquarium_subvault_window, aquarium_subvault_wall,
          aquarium_subvault_wall, aquarium_subvault_bridge,
          aquarium_subvault_wall], aquarium_window_corner, aquarium_window_fake,
          aquarium_view_2a, gauntlet_entry_generic, elves_outpost_lemuel
D:12:     layout_roguey, gammafunk_ghost_ooze
D:13:     evilmike_diamond_1, layout_basic, nrook_pool_corridor
D:14:     layout_roguey, hellmonk_vaults_order_and_chaos, serial_shops,
          nicolae_book_shop_shelving, minmay_misc_feat_iff
Temple:   jpeg_temple_alley_garden
Lair:1:   layout_chaotic_city, portal_ice_cave_entry_pillars_1,
          nicolae_volcano_entry_two_sided, cheibrodos_lair_reptile_den,
          lemuel_fruit_fields, uniq_grum, uniq_amaemon
IceCv:    ice_cave_hellmonk_azure_passage

Notes
Turn   | Place    | Note
-------+----------+-------------------------------------------
     0 | D:1      | Drazool the Kobold Earth Elementalist began the quest for
                  | the Orb.
     0 | D:1      | Reached XP level 1. HP: 10/10 MP: 3/3
   115 | D:1      | Reached XP level 2. HP: 15/15 MP: 0/5
   605 | D:1      | Reached skill level 4 in Earth Magic
   605 | D:1      | Reached XP level 3. HP: 19/19 MP: 4/6
   956 | D:2      | Learned a level 3 spell: Passwall
  1624 | D:2      | Reached XP level 4. HP: 24/24 MP: 4/7
  1628 | D:2      | Learned a level 3 spell: Stone Arrow
  2090 | D:3      | Reached skill level 5 in Earth Magic
  2168 | D:3      | Reached XP level 5. HP: 17/28 MP: 2/8
  2523 | D:3      | Found Peyptial's Distillery.
  2529 | D:3      | Bought a potion of cancellation for 88 gold pieces
  2703 | D:4      | Identified the +0 helmet of Fortitude {rElec}
  2703 | D:4      | Noticed Robin
  2857 | D:4      | Reached skill level 2 in Conjurations
  2864 | D:4      | Reached XP level 6. HP: 29/32 MP: 7/9
  2918 | D:4      | Killed Robin
  2963 | D:4      | Reached skill level 3 in Conjurations
  3005 | D:4      | Found a staircase to the Ecumenical Temple.
  3029 | D:4      | Noticed an ogre
  3158 | D:4      | Killed an ogre
  3268 | Temple   | Entered the Ecumenical Temple
  3497 | D:4      | Reached skill level 4 in Conjurations
  3775 | D:5      | Entered Level 5 of the Dungeon
  3891 | D:5      | Reached XP level 7. HP: 36/36 MP: 4/10
  4103 | D:5      | Noticed Ijyb
  4107 | D:5      | Killed Ijyb
  4108 | D:5      | Reached skill level 3 in Spellcasting
  4425 | D:5      | Reached skill level 4 in Spellcasting
  4473 | D:5      | Reached skill level 5 in Conjurations
  4627 | D:5      | Found a runed translucent door.
  4642 | D:5      | Found a runed translucent door.
  4645 | D:5      | Noticed Prince Ribbit
  4647 | D:5      | Killed Prince Ribbit
  4648 | D:5      | Reached skill level 6 in Earth Magic
  4648 | D:5      | Reached skill level 5 in Stealth
  4648 | D:5      | Reached XP level 8. HP: 41/41 MP: 8/14
  4684 | D:5      | Identified 3 potions of resistance
  4990 | D:6      | Reached skill level 3 in Dodging
  4997 | D:6      | Reached skill level 4 in Dodging
  5157 | D:6      | Identified the ring "Ilejir" {^Contam rElec rPois Will+}
  5344 | D:6      | Reached skill level 5 in Dodging
  5344 | D:6      | Reached skill level 1 in Fighting
  5369 | D:6      | Reached skill level 2 in Fighting
  5437 | D:6      | Reached skill level 3 in Fighting
  5495 | D:6      | Reached skill level 2 in Evocations
  5754 | D:6      | Reached skill level 3 in Evocations
  5759 | D:6      | Learned a level 4 spell: Petrify
  5850 | D:6      | Reached skill level 1 in Alchemy
  5850 | D:6      | Reached XP level 9. HP: 50/50 MP: 12/15
  5881 | D:6      | Found a glowing silver altar of Zin.
  5886 | D:6      | Found a faded altar of an unknown god.
  5891 | D:6      | Reached skill level 2 in Alchemy
  5905 | D:6      | Found a basalt altar of Yredelemnul.
  5906 | D:6      | Found an iron altar of Okawaru.
  5912 | D:6      | Found a faded altar of an unknown god.
  6101 | D:7      | Reached skill level 3 in Alchemy
  6258 | D:7      | Found Vayzoela's Antique Armour Boutique.
  6348 | D:7      | Reached skill level 4 in Alchemy
  6545 | D:7      | Reached skill level 5 in Alchemy
  6776 | D:7      | Reached skill level 6 in Alchemy
  6807 | D:7      | Found a blossoming altar of Fedhas.
  6818 | D:7      | Found an ancient bone altar of Kikubaaqudgha.
  6924 | D:7      | Found a bloodstained altar of Trog.
  7079 | D:7      | Reached skill level 7 in Earth Magic
  7114 | D:7      | Found an ornate altar of the Wu Jian Council.
  7239 | D:7      | Reached skill level 8 in Earth Magic
  7239 | D:7      | Reached XP level 10. HP: 56/56 MP: 6/16
  7289 | D:7      | Reached skill level 5 in Spellcasting
  7429 | D:7      | Found a runed translucent door.
  7429 | D:7      | Found a runed translucent door.
  7429 | D:7      | Noticed a two-headed ogre
  7778 | D:8      | Found a shimmering blue altar of Sif Muna.
  7790 | D:8      | Became a worshipper of Sif Muna the Loreminder
  7814 | D:8      | Reached skill level 6 in Spellcasting
  7859 | D:8      | Found a flagged portal.
  7865 | Bailey   | Entered a bailey
  8004 | Bailey   | Reached skill level 6 in Stealth
  8023 | Bailey   | Reached skill level 7 in Stealth
  8023 | Bailey   | Reached skill level 1 in Invocations
  8095 | Bailey   | Reached * piety under Sif Muna
  8104 | Bailey   | Reached skill level 2 in Invocations
  8180 | Bailey   | Reached skill level 3 in Invocations
  8335 | Bailey   | Noticed an orc warlord
  8392 | Bailey   | Killed an orc warlord
  8393 | Bailey   | Reached skill level 7 in Spellcasting
  8530 | Bailey   | Reached skill level 11 in Earth Magic
  8530 | Bailey   | Reached skill level 6 in Invocations
  8530 | Bailey   | Reached XP level 11. HP: 60/60 MP: 21/21
  8742 | D:8      | Reached ** piety under Sif Muna
  8886 | D:8      | Reached skill level 7 in Invocations
  9609 | D:8      | Reached skill level 6 in Dodging
  9823 | D:8      | Reached XP level 12. HP: 60/64 MP: 8/22
  9992 | D:8      | Found a shadowy altar of Dithmenos.
 10107 | D:8      | Found a staircase to the Lair.
 10370 | D:9      | Noticed Maurice
 10385 | D:9      | Reached skill level 7 in Dodging
 10386 | D:9      | Killed Maurice
 10391 | D:9      | Noticed Psyche
 10398 | D:9      | Killed Psyche
 10745 | D:9      | Reached *** piety under Sif Muna
 11077 | D:9      | Found a staircase to the Orcish Mines.
 11379 | D:9      | Found a radiant altar of Vehumet.
 11456 | D:9      | Found a glowing golden altar of the Shining One.
 11604 | D:10     | Entered Level 10 of the Dungeon
 11634 | D:10     | Noticed a two-headed ogre
 11648 | D:10     | Killed a two-headed ogre
 11649 | D:10     | Reached skill level 8 in Invocations
 11652 | D:10     | Noticed a sun demon
 11939 | D:10     | Noticed Maggie
 11949 | D:10     | Killed Maggie
 11955 | D:10     | Noticed a centaur warrior
 11956 | D:10     | Found a hide-covered altar of Uskayaw.
 11969 | D:10     | Killed a centaur warrior
 11970 | D:10     | Reached skill level 9 in Invocations
 12182 | D:10     | Reached skill level 4 in Evocations
 12283 | D:10     | Noticed a two-headed ogre
 12293 | D:10     | Killed a two-headed ogre
 12334 | D:10     | Noticed Urug
 12722 | D:9      | Reached skill level 12 in Earth Magic
 12818 | D:9      | Learned a level 4 spell: Brom's Barrelling Boulder
 13295 | D:10     | You fall into a shaft and drop 3 floors!
 13444 | D:13     | Reached skill level 8 in Dodging
 13927 | D:13     | Noticed a centaur warrior
 13933 | D:13     | Killed a centaur warrior
 13934 | D:13     | Reached skill level 9 in Dodging
 14187 | D:13     | Reached skill level 10 in Dodging
 14348 | D:13     | Noticed a tengu warrior
 14381 | D:13     | Noticed a seven-headed hydra
 14633 | D:13     | Reached skill level 8 in Spellcasting
 14751 | D:13     | Reached XP level 13. HP: 68/68 MP: 13/25
 15116 | D:13     | Reached skill level 9 in Spellcasting
 15280 | D:12     | Identified the +0 helmet of the Present {Int+3}
 15310 | D:12     | Found a runed translucent gate.
 15310 | D:12     | Found a runed translucent gate.
 15310 | D:12     | Found a runed translucent gate.
 15311 | D:12     | Noticed an azure jelly
 15311 | D:12     | Noticed an acid blob
 15314 | D:12     | Noticed an acid blob
 15314 | D:12     | Noticed an acid blob
 15748 | D:11     | Found a gate leading to a gauntlet.
 15754 | Gauntlet | Entered a Gauntlet
 15755 | Gauntlet | Found a transporter.
 15789 | Gauntlet | Found a runed translucent door.
 15797 | Gauntlet | Found a transporter.
 15797 | Gauntlet | Noticed a dire elephant
 15808 | Gauntlet | Found a transporter.
 15857 | Gauntlet | Found a transporter.
 15900 | Gauntlet | Found a transporter.
 15900 | Gauntlet | Found a transporter.
 15915 | Gauntlet | Found a transporter.
 15915 | Gauntlet | Found a transporter.
 16053 | Gauntlet | Reached skill level 6 in Conjurations
 16100 | Gauntlet | Identified the +3 leather armour "Ceuquol" {Fly}
 16240 | Gauntlet | Reached **** piety under Sif Muna
 16241 | Gauntlet | Reached skill level 7 in Conjurations
 16329 | Gauntlet | Identified the +2 robe of the Pit {rPois}
 16482 | Gauntlet | HP: 2/68 [death yak[an orange crystal statue] (23)]
 16924 | Gauntlet | Reached skill level 10 in Conjurations
 16924 | Gauntlet | Reached XP level 14. HP: 74/74 MP: 27/27
 16925 | Gauntlet | Reached skill level 5 in Fighting
 16925 | Gauntlet | Reached skill level 10 in Stealth
 16925 | Gauntlet | Reached XP level 15. HP: 82/82 MP: 28/28
 17182 | D:11     | Reached skill level 11 in Conjurations
 17454 | D:11     | Found a portal to a secret trove of treasure.
 17577 | D:11     | Identified a scroll of acquirement
 17578 | D:11     | Acquired a staff of earth
 17865 | D:10     | Killed Urug
 17866 | D:10     | Reached skill level 12 in Conjurations
 18064 | D:10     | Identified the +8 war axe "Odocwonn" {flame, rC- rN++
                  | Will+}
 18187 | Lair:1   | Entered Level 1 of the Lair of Beasts
 18321 | Lair:1   | Found a frozen archway.
 18327 | IceCv    | Entered an ice cave
 18865 | IceCv    | Noticed a quicksilver ooze
 18872 | IceCv    | Killed a quicksilver ooze
 18894 | IceCv    | Noticed a quicksilver ooze
 19021 | IceCv    | Killed a quicksilver ooze
 19155 | IceCv    | Found a viscous altar of Jiyva.
 19155 | IceCv    | Noticed an azure jelly
 19396 | IceCv    | Learned a level 4 spell: Animate Armour
 19611 | IceCv    | HP: 5/82 [azure jelly (44)]
 19611 | IceCv    | HP: 2/82 [azure jelly (3)]
 19612 | IceCv    | Slain by an azure jelly

Vanquished Creatures
  An orc warlord (Bailey)
  A minotaur (Gauntlet)
  2 centaur warriors
  2 two-headed ogres (D:10)
  A boulder beetle (D:13)
  Urug (D:10)
  An orange crystal statue (Gauntlet)
  4 deep elf zephyrmancers (D:11)
  2 ugly things
  4 deep elf pyromancers (D:11)
  A manticore (D:13)
  Maurice (D:9)
  A rust devil (Gauntlet)
  2 ice statues
  3 gargoyles
  A kobold demonologist (D:10)
  2 rime drakes (Gauntlet)
  Maggie (D:10)
  Psyche (D:9)
  A troll (D:13)
  3 hornets
  Prince Ribbit (D:5)
  9 slime creatures
  A ynoxinul (Gauntlet)
  2 wyverns
  A shadow (D:7)
  A yak (D:7)
  A vampire (D:12)
  A basilisk (D:13)
  A steam dragon (D:8)
  3 vampire mosquitoes (D:13)
  3 great orb of eyes simulacra (IceCv)
  3 water moccasins (Lair:1)
  An acid dragon (D:8)
  15 orc warriors
  2 ice beasts (D:6)
  2 sky beasts
  A black bear (D:7)
  7 centaurs
  2 ogres
  A phantom (D:7)
  4 slime creature simulacra (IceCv)
  6 bullfrogs
  4 kobold brigands
  7 glowing shapeshifter simulacra (IceCv)
  2 gnoll sergeants
  3 scorpions
  10 wights
  18 killer bees
  5 howler monkeys
  6 electric eels
  2 hounds (D:6)
  4 bombardier beetles
  A gnoll bouda (D:8)
  2 orc priests (D:11)
  A jelly (D:7)
  4 iron imps (Gauntlet)
  3 sleepcaps
  Ijyb (D:5)
  6 iguanas
  7 orc wizards
  Robin (D:4)
  23 gnolls
  8 adders
  2 shadow imps
  A white imp (D:7)
  2 ufetubi (D:6)
  A dart slug (D:1)
  A ribbon worm (D:2)
  38 orcs
  8 endoplasms
  7 giant cockroaches
  34 goblins
  21 hobgoblins
  2 jackals (D:1)
  5 quokkas
  9 ball pythons
  4 bats
  A frilled lizard (D:1)
  23 kobolds
  2 rats (D:1)
383 creatures vanquished.

Vanquished Creatures (collateral kills)
  2 quicksilver oozes (IceCv)
  3 slime creatures (IceCv)
  3 glowing shapeshifter simulacra (IceCv)
  5 boulders
13 creatures vanquished.

Vanquished Creatures (others)
  A slime creature (D:13)
  4 boulders
5 creatures vanquished.

Grand Total: 401 creatures vanquished

Table legend: (Time is in decaauts)
 A = Elapsed time spent in this place.
 B = Non-inter-level travel time spent in this place.
 C = Inter-level travel time spent in this place.
 D = Time resting spent in this place.
 E = Time spent auto-exploring this place.
 F = Levels seen in this place.
 G = Mean time per level.
                   A        B        C        D        E       F      G
               +--------+--------+--------+--------+--------+-----+--------+
         Total |  19684 |  19038 |    646 |   5007 |  10571 |  19 | 1036.0 |
       Dungeon |  16282 |  15637 |    645 |   3416 |   9790 |  14 | 1163.0 |
        Temple |      1 |      1 |      0 |      0 |      0 |   1 |    1.0 |
          Lair |    139 |    139 |      0 |     73 |      0 |   1 |  139.0 |
        Bailey |    708 |    708 |      0 |    142 |    225 |   1 |  708.0 |
      Ice Cave |   1268 |   1268 |      0 |    629 |    361 |   1 | 1268.0 |
      Gauntlet |   1283 |   1283 |      0 |    746 |    195 |   1 | 1283.0 |
               +--------+--------+--------+--------+--------+-----+--------+

Top non-repeatable levels by time:
     D:8: 1923 daAuts
     D:9: 1894 daAuts
    D:13: 1818 daAuts
     D:7: 1758 daAuts
    D:10: 1407 daAuts
Gauntlet: 1283 daAuts
   IceCv: 1268 daAuts
     D:5: 1189 daAuts
     D:2: 1125 daAuts
     D:4: 1057 daAuts
     D:6: 1044 daAuts
     D:1: 958 daAuts
    D:11: 845 daAuts
  Bailey: 708 daAuts
     D:3: 692 daAuts

Table legend:
 A = Non-vault XP
 B = Vault XP
 C = Vault XP percentage of total XP
 D = Non-vault monster count
 E = Vault monster count
 F = Vault count percentage of total count
                 A         B        C        D         E       F
            +---------+---------+-------+---------+---------+-------
      Total |   17530 |   22321 |  56.0 |     234 |     157 |  40.2
            +---------+---------+-------+---------+---------+-------
        D:1 |      48 |       0 |   0.0 |      27 |       0 |   0.0
        D:2 |      31 |       4 |  11.4 |      15 |       2 |  11.8
        D:3 |     101 |       0 |   0.0 |      10 |       0 |   0.0
        D:4 |     229 |      34 |  12.9 |      14 |      11 |  44.0
        D:5 |     372 |     311 |  45.5 |       8 |       8 |  50.0
        D:6 |     971 |      90 |   8.5 |      19 |       1 |   5.0
        D:7 |     781 |    1556 |  66.6 |      14 |      24 |  63.2
        D:8 |    1912 |      23 |   1.2 |      41 |       9 |  18.0
        D:9 |    1737 |     873 |  33.4 |      24 |       2 |   7.7
       D:10 |    3689 |    1155 |  23.8 |      22 |       2 |   8.3
       D:11 |    1870 |    4800 |  72.0 |      16 |       8 |  33.3
       D:12 |    1515 |       0 |   0.0 |       8 |       0 |   0.0
       D:13 |    4064 |    1674 |  29.2 |      15 |       4 |  21.1
     Lair:1 |     210 |     501 |  70.5 |       1 |       7 |  87.5
     Bailey |       0 |    2309 | 100.0 |       0 |      45 | 100.0
      IceCv |       0 |    5312 | 100.0 |       0 |      23 | 100.0
   Gauntlet |       0 |    3679 | 100.0 |       0 |      11 | 100.0
            +---------+---------+-------+---------+---------+-------
